AoeStats
← Hellspiral

Arabia

508410592Analyzed
1v1 RM · 9d ago on Sep 22, 2026· 66m 23s· 2 players
Game mode
Random Map
Map size
Tiny (2 player)
Population
200
Speed
Normal
Resources
Standard
Victory
Conquest
Starting age
Dark Age
Ending age
Imperial Age
RankedLock teamsTeams togetherTeam positionsShared explorationLock speedFull tech treeHidden civsTurbo modeCheats
Victory
Defeat
🇪🇸 Chinese · Spain
756
+11
🇩🇪 Bulgarians · Germany
638
-20
Hellspiral
10:05 Feudal Age
10:55 Double-Bit Axe
14:36 Horse Collar
18:06 Wheelbarrow
18:34 Scale Mail Armor
18:44 Forging
19:10 Town Watch
20:36 Gold Mining
22:59 Castle Age
21:43 Arson
22:05 Stone Mining
24:14 Gold Shaft Mining
23:51 Bow Saw
23:57 Heavy Plow
24:16 Squires
25:50 Iron Casting
25:30 Chain Mail Armor
26:23 Hand Cart
26:20 Gambesons
27:39 Stone Shaft Mining
30:17 Chain Mail Armor
30:55 Town Patrol
30:55 Loom
32:11 Scale Barding Armor
32:41 Padded Archer Armor
32:32 Fletching
33:50 Murder Holes
34:06 Masonry
37:11 Imperial Age
35:46 Chain Barding Armor
36:30 Ballistics
39:01 Crop Rotation
38:56 Conscription
38:40 Bagains
40:20 Herbal Medicine
40:53 Elite Konnik
45:39 Architecture
45:00 Heated Shot
46:13 Chemistry
45:20 Siege Engineers
47:09 Husbandry
47:21 Bloodlines
47:49 Plate Mail Armor
48:19 Blast Furnace
47:55 Plate Barding Armor
alb_236
0:51 Loom
11:59 Feudal Age
14:03 Double-Bit Axe
19:19 Fletching
19:30 Padded Archer Armor
19:31 Scale Mail Armor
19:56 Horse Collar
21:43 Gold Mining
21:51 Stone Mining
28:36 Castle Age
28:17 Forging
28:13 Scale Barding Armor
27:59 Arson
30:36 Bow Saw
30:44 Bodkin Arrow
31:06 Leather Archer Armor
31:07 Chain Mail Armor
30:15 Crossbowman
31:03 Heavy Plow
32:17 Fervor
32:46 Wheelbarrow
33:08 Stone Shaft Mining
34:39 Thumb Ring
35:12 Pikeman
35:52 Squires
38:10 Gold Shaft Mining
37:39 Murder Holes
38:05 Ballistics
37:58 Masonry
41:26 Imperial Age
41:54 Capped Ram
43:03 Elite Skirmisher
43:12 Elite Fire Lancer
44:13 Siege Ram
46:37 Two-Man Saw
46:49 Chemistry
45:27 Arbalester
46:27 Bracer
46:58 Ring Archer Armor
46:59 Plate Mail Armor
48:01 Fortified Wall
49:24 Architecture
50:09 Elite Chu Ko Nu
63:43 Heavy Rocket Cart
Connection lost

Rejoining the realm…

Still unreachable

The connection could not be restored.

Session expired

The server has moved on; the page needs a fresh start.